Map: Ascension to Aiur LE

Players

KebabKing (SpaceMarine) - Winner!

  • Race: Protoss Protoss
  • Spawn Location: 5:00

Bly

  • Race: Zerg Zerg
  • Spawn Location: 11:00

Event: WCS Jonkoping 2017

VOD

Have the link to the VOD?

Description

Time

  • Played on: June 17, 2017, 9:46 a.m.
  • Length: 15:39

All games in this series

Show
View Real Time Build Order
Export as new Build Order

KebabKing Protoss - Winner!

Build Orders:  

Get SALT Encoding   

  12  0:01  Probe (Chrono Boost)  
  13  0:11  Probe (Chrono Boost)  
  14  0:18  Pylon  
  14  0:22  Probe (Chrono Boost)  
  15  0:37  Probe (Chrono Boost)  
  15  0:38  Gateway  
  16  0:47  Probe (Chrono Boost)  
  16  0:49  Assimilator  
  17  0:58  Probe (Chrono Boost)  
  17  1:02  Assimilator  
  18  1:08  Probe (Chrono Boost)  
  19  1:19  Probe (Chrono Boost)  
  20  1:25  Cybernetics Core  
  20  1:29  Probe (Chrono Boost)  
  21  1:40  Pylon, Probe (Chrono Boost)  
  22  1:51  Probe (Chrono Boost)  
  23  2:02  Stalker (Chrono Boost), Warp Gate (Chrono Boost)  
  23  2:07  Robotics Facility  
  25  2:11  Gateway  
  25  2:19  Gateway  
  25  2:28  Adept (Chrono Boost)  
  27  2:46  Gateway  
  27  2:51  Pylon  
  27  2:53  Warp Prism (Chrono Boost)  
  29  3:01  Sentry  
  31  3:09  Sentry  
  33  3:14  Gateway  
  33  3:50  Pylon  
  33  3:51  Pylon  
  33  4:00  Sentry x3  
  39  4:13  Pylon  
  39  4:20  Sentry  
  41  4:32  Sentry  
  41  4:33  Zealot x3  
  47  4:44  Zealot  
  49  4:53  Pylon, Mothership Core (Chrono Boost)  
  49  4:55  Zealot x4  
  56  5:21  Stalker x3  
  52  5:32  Zealot x2  
  41  5:55  Nexus  
  40  6:01  Probe (Chrono Boost)  
  42  6:11  Probe (Chrono Boost)  
  42  6:22  Probe (Chrono Boost)  
  43  6:32  Probe (Chrono Boost), Stargate  
  36  6:43  Probe (Chrono Boost)  
  31  6:50  Stargate  
  31  6:53  Probe (Chrono Boost)  
  32  7:04  Probe (Chrono Boost)  
  32  7:08  Probe (Chrono Boost)  
  34  7:12  Assimilator  
  34  7:14  Probe (Chrono Boost)  
  35  7:16  Phoenix (Chrono Boost)  
  35  7:17  Probe, Assimilator  
  35  7:20  Pylon  
  38  7:26  Probe  
  38  7:28  Probe  
  38  7:29  Sentry  
  42  7:35  Phoenix (Chrono Boost)  
  44  7:38  Probe, Phoenix (Chrono Boost)  
  44  7:40  Probe  
  48  7:50  Probe  
  49  7:52  Probe  
  49  7:57  Phoenix (Chrono Boost)  
  52  8:02  Probe  
  52  8:04  Probe  
  54  8:09  Phoenix (Chrono Boost)  
  56  8:14  Probe  
  56  8:16  Probe  
  56  8:19  Phoenix (Chrono Boost)  
  60  8:26  Probe  
  61  8:30  Phoenix (Chrono Boost)  
  61  8:31  Pylon  
  63  8:41  Phoenix (Chrono Boost)  
  65  8:45  Pylon  
  65  8:52  Phoenix (Chrono Boost)  
  67  8:57  Nexus  
  67  9:04  Phoenix (Chrono Boost)  
  69  9:11  Twilight Council  
  69  9:23  Phoenix (Chrono Boost)  
  71  9:24  Probe x2  
  71  9:28  Robotics Facility  
  73  9:49  Adept x2  
  73  9:50  Charge (Chrono Boost)  
  77  9:53  Phoenix  
  77  9:54  Forge  
  78  10:18  Phoenix  
  78  10:31  Immortal, Protoss Ground Weapons Level 1  
  82  10:44  Nexus  
  82  10:47  Pylon  
  82  10:50  Pylon  
  82  10:53  Robotics Bay  
  82  11:03  Sentry x2  
  82  11:04  Pylon  
  81  11:30  Gateway  
  81  11:31  Gateway  
  81  11:32  Gateway  
  81  11:33  Gateway  
  81  11:35  Pylon  
  81  11:38  Pylon  
  81  11:42  Disruptor (Chrono Boost)  
  81  11:45  Probe x2  
  86  11:57  Probe x2  
  86  11:58  Probe  
  89  12:02  Zealot x2  
  89  12:03  Robotics Facility  
  89  12:07  Templar Archives  
  93  12:08  Probe  
  93  12:09  Probe x2  
  96  12:18  Disruptor (Chrono Boost)  
  99  12:23  Protoss Ground Weapons Level 2, Pylon x2  
  97  12:43  Zealot x2  
  101  12:49  Disruptor (Chrono Boost)  
  101  12:50  Disruptor (Chrono Boost)  
  107  12:54  Nexus  
  107  12:59  Zealot  
  107  13:00  High Templar x2  
  107  13:01  Zealot  
  115  13:07  Archon  
  115  13:20  Zealot x3, Disruptor (Chrono Boost)  
  124  13:27  Observer (Chrono Boost)  
  124  13:30  Zealot  
  124  13:32  Assimilator  
  127  13:34  Assimilator  
  127  13:35  Photon Cannon  
  127  13:38  Zealot x2  
  127  13:40  Zealot x3  
  136  13:46  Disruptor (Chrono Boost)  
  139  13:51  Disruptor (Chrono Boost)  
  142  14:02  Zealot x3  
  148  14:05  Photon Cannon  
  148  14:08  Pylon  
  144  14:14  Zealot x2  
  144  14:15  Zealot  
  146  14:27  Immortal (Chrono Boost)  
  148  14:44  Zealot x3  
  148  14:45  Zealot x3  
  152  14:47  Immortal (Chrono Boost)  
  146  15:21  Zealot x5  
  154  15:23  Photon Cannon  
Show
View Real Time Build Order
Export as new Build Order

Bly Zerg 

Build Orders: Hatch First, Lurkers 

Get SALT Encoding   

  12  0:01  Drone  
  13  0:12  Overlord  
  13  0:18  Drone  
  14  0:30  Drone  
  14  0:31  Drone  
  14  0:35  Drone  
  17  0:52  Hatchery  
  17  0:57  Drone  
  17  0:58  Drone  
  17  1:00  Extractor  
  17  1:13  Spawning Pool  
  17  1:18  Drone  
  17  1:21  Drone  
  18  1:28  Drone  
  19  1:38  Overlord  
  19  1:49  Drone  
  20  2:01  Queen  
  22  2:02  Zergling x2  
  22  2:03  Queen  
  22  2:05  Zergling x2  
  22  2:07  Metabolic Boost  
  26  2:11  Drone  
  27  2:17  Drone  
  28  2:24  Drone  
  28  2:26  Drone  
  30  2:37  Drone, Overlord  
  31  2:50  Hatchery  
  30  2:54  Overlord  
  30  3:01  Drone x3  
  33  3:07  Drone  
  33  3:10  Drone x2  
  36  3:14  Queen  
  36  3:16  Drone x2  
  36  3:17  Drone  
  41  3:31  Lair  
  41  3:33  Overlord  
  40  3:39  Zergling x6  
  43  3:43  Spine Crawler  
  43  3:46  Zergling x4, Spine Crawler x2  
  43  3:50  Spore Crawler  
  43  3:52  Roach Warren  
  43  3:53  Zergling x2  
  42  3:59  Zergling x4  
  42  4:00  Zergling x2  
  45  4:14  Zergling x14  
  52  4:37  Roach  
  52  4:38  Overlord x2  
  45  4:46  Roach x2  
  45  4:47  Drone x4  
  45  4:49  Extractor  
  46  4:55  Drone  
  47  5:03  Ravager  
  47  5:04  Drone  
  49  5:08  Extractor  
  48  5:20  Roach  
  48  5:21  Zergling x4  
  40  5:36  Roach x2  
  33  5:55  Drone x2  
  35  6:04  Ravager  
  35  6:05  Ravager  
  35  6:06  Queen  
  35  6:10  Hatchery  
  38  6:16  Drone  
  38  6:31  Drone x2  
  40  6:34  Ravager  
  40  6:39  Drone  
  35  6:50  Hatchery  
  34  6:57  Lair  
  34  7:11  Drone x3  
  37  7:16  Drone x3  
  37  7:22  Queen  
  40  7:23  Drone  
  43  7:30  Drone  
  43  7:33  Drone  
  45  7:37  Overlord  
  45  7:44  Overlord  
  45  7:47  Drone x2  
  45  7:48  Drone  
  48  7:55  Drone x2  
  48  7:56  Glial Reconstitution  
  50  7:59  Overseer  
  50  8:03  Drone x2  
  52  8:07  Roach  
  52  8:11  Drone  
  55  8:14  Drone  
  55  8:15  Drone  
  55  8:17  Extractor, Queen  
  59  8:27  Drone x2  
  59  8:31  Drone x3  
  59  8:32  Drone  
  59  8:33  Drone x3  
  67  8:35  Roach  
  69  8:45  Overlord  
  69  8:48  Extractor  
  69  8:49  Roach x2  
  69  8:50  Roach x3  
  69  8:53  Spore Crawler  
  69  8:55  Spore Crawler  
  76  9:02  Hydralisk Den  
  76  9:07  Drone x5  
  80  9:11  Spore Crawler  
  80  9:14  Overlord x2  
  74  9:22  Overlord  
  72  9:24  Overlord x2  
  72  9:32  Overlord x2  
  72  9:38  Drone x2  
  69  9:40  Drone  
  70  9:47  Muscular Augments, Drone  
  70  9:49  Drone  
  70  9:50  Drone x3  
  75  9:53  Queen  
  77  10:03  Overlord  
  77  10:04  Drone x2  
  77  10:05  Drone  
  77  10:06  Queen  
  82  10:11  Drone x2  
  78  10:15  Infestation Pit  
  67  10:22  Drone x4  
  67  10:26  Drone  
  67  10:27  Drone x2  
  73  10:34  Drone x3  
  76  10:36  Spore Crawler  
  69  10:52  Burrow, Infestor  
  69  10:53  Infestor x2  
  69  10:54  Infestor x3  
  81  11:05  Drone x3  
  81  11:07  Drone x6  
  86  11:17  Overlord  
  82  11:20  Drone  
  82  11:24  Overlord  
  83  11:27  Hydralisk x4  
  85  11:36  Extractor  
  85  11:38  Hydralisk x4  
  92  11:44  Hydralisk x2  
  96  11:53  Overlord  
  96  11:56  Overlord  
  96  12:06  Hydralisk  
  96  12:07  Hatchery  
  96  12:08  Overlord x3  
  97  12:15  Neural Parasite  
  97  12:22  Drone x2  
  99  12:23  Overseer, Drone x3  
  99  12:29  Drone x3  
  104  12:34  Overlord  
  103  12:37  Drone x3  
  105  12:48  Zergling x10  
  105  12:49  Zergling x2  
  105  12:51  Lurker Den  
  111  12:52  Hive  
  111  13:09  Zergling x16  
  119  13:15  Evolution Chamber, Hatchery  
  116  13:38  Zergling x18  
  116  13:39  Zergling x10  
  116  13:40  Zerg Melee Weapons Level 1  
  130  13:44  Baneling Nest, Spire  
  124  13:59  Overlord x2  
  106  14:12  Hydralisk x2  
  106  14:13  Hydralisk x9  
  106  14:14  Overseer  
  126  14:19  Lurker x6, Ultralisk Cavern  
  126  14:20  Lurker  
  104  14:41  Hydralisk  
  104  14:42  Hydralisk x5  
  104  14:45  Zergling x6  
  93  14:52  Zergling x8  
  87  14:58  Zergling x12  
  87  14:59  Zergling x4  
  80  15:07  Lurker x2  
  80  15:08  Lurker  
  80  15:09  Zergling x6  
  80  15:10  Zergling x8  
Tags
 
Add a new tag
Caveats
  • Supply blocks, unpowered buildings, or Contaminate may cause inaccurate times.
  • Supply counts are checked every 10 seconds.